 Dungeon Crawl Stone Soup version 0.26.1-2-gb8aa6d0cf2 (webtiles) character file.

Game seed: 4990641031674426554

128 infcreate the Vexing (level 4, -1/24 HPs)
             Began as a Deep Elf Enchanter on Mar 30, 2021.
             Slain by an orc priest
             ... wielding a +0 hand axe
              (10 damage)
             ... on level 3 of the Dungeon.
             The game lasted 00:14:03 (4082 turns).

infcreate the Vexing (Deep Elf Enchanter)           Turns: 4082, Time: 00:14:04

Health: -1/24      AC:  2    Str:  5    XL:     4   Next: 87%
Magic:  4/11       EV: 14    Int: 20    God:
Gold:   126        SH:  0    Dex: 16    Spells: 1/10 levels left

rFire    . . .     SeeInvis .   a - +1 dagger
rCold    . . .     Faith    .   (no shield)
rNeg     . . .     Spirit   .   b - +0 robe
rPois    .         Reflect  .   (no helmet)
rElec    .         Harm     .   (no cloak)
rCorr    .         Rampage  .   (no gloves)
Will     .....                  (no boots)
Stlth    +++.......             (no amulet)
HPRegen  0.08/turn              (no ring)
MPRegen  0.12/turn              (no ring)

@: confusing touch
A: no striking features
a: no special abilities


You were on level 3 of the Dungeon.
You visited 1 branch of the dungeon, and saw 3 of its levels.

You collected 126 gold pieces.

Inventory:

Hand Weapons
 a - a +1 dagger (weapon)
 r - a +3 dagger of venom
Armour
 b - a +0 robe (worn)
Jewellery
 k - an uncursed amulet of faith
Scrolls
 d - 2 scrolls of teleportation
 f - 2 scrolls of random uselessness {unknown}
 g - a scroll of magic mapping {unknown}
 l - a scroll of fog {unknown}
 n - a scroll of amnesia
 s - a scroll of enchant weapon {unknown}
 t - a scroll of identify
Potions
 c - a potion of invisibility {unknown}
 e - 3 potions of mutation {unknown}
 h - 2 potions of curing
 i - 2 potions of berserk rage {unknown}
 j - a potion of cancellation {unknown}
 m - a potion of lignification {unknown}
 o - a potion of might {unknown}
 p - a potion of flight {unknown}
 q - a potion of heal wounds {unknown}
 u - a potion of ambrosia {unknown}


   Skills:
 + Level 0.9 Fighting
 * Level 2.1 Short Blades
 * Level 3.4 Dodging
 * Level 4.6 Stealth
 + Level 3.6 Spellcasting
 * Level 4.8 Hexes


You had one spell level left.
You knew the following spells:

 Your Spells              Type           Power        Failure   Level
a - Corona                Hex            25%          1%          1
b - Ensorcelled Hibernat  Hex/Ice        26%          8%          2
c - Confusing Touch       Hex            23%          5%          3
d - Dazzling Flash        Conj/Hex       26%          14%         3

Your spell library contained the following spells:

 Spells                   Type           Power        Failure   Level
 Animate Skeleton         Necr           6%           13%         1
 Apportation              Tloc           6%           13%         1
 Summon Small Mammal      Summ           12%          13%         1
 Tukima's Dance           Hex            23%          5%          3


Dungeon Overview and Level Annotations

Branches:
Dungeon (3/15)

Altars:
Wu Jian


Message History

Confirm with . or Enter, or press ? or * to list all spells.
The spell is quite dangerous to cast (14% risk of failure)!
Continue anyway?
The orc priest is dazzled.
You hit the orc priest.
The orc priest is lightly wounded.
The orc priest misses you.
You hit the orc priest but do no damage.
The orc priest is lightly wounded.
The orc priest is no longer blind.
The orc priest misses you.
You hit the orc priest.
The orc priest is lightly wounded.
The orc priest mumbles some strange prayers to Beogh against you.
Beogh smites you!
Ouch! That really hurt!
Casting: Dazzling Flash (quite dangerous; 14% risk of failure)
Confirm with . or Enter, or press ? or * to list all spells.
The spell is quite dangerous to cast (5% risk of failure)!
Continue anyway?
Your hands begin to glow red.
The orc priest hits you with a +0 hand axe!
You die...

#.# #.# #.#
#.### #### .
##...##...##
##..........##
#............#
#..<.<.......#
#.....@o.....#
##..........##
##...#.....#
#####...#.#
##.# # .# #.#
o# ..


You could see an orc priest.

Vanquished Creatures
  6 adders
  A worm (D:3)
  3 dart slugs (D:1)
  7 orcs
  2 giant cockroaches
  3 goblins
  7 hobgoblins
  7 jackals
  8 kobolds
  A ball python (D:2)
  7 bats
  2 frilled lizards
  4 rats
58 creatures vanquished.

Notes
Turn   | Place    | Note
-------+----------+-------------------------------------------
     0 | D:1      | infcreate the Deep Elf Enchanter began the quest for the
                  | Orb.
     0 | D:1      | Reached XP level 1. HP: 10/10 MP: 6/6
   511 | D:1      | Reached XP level 2. HP: 12/15 MP: 6/8
   514 | D:1      | Learned a level 2 spell: Ensorcelled Hibernation
  1227 | D:2      | Reached XP level 3. HP: 13/20 MP: 2/9
  1421 | D:1      | Learned a level 3 spell: Confusing Touch
  2271 | D:2      | Found an ornate altar of the Wu Jian Council.
  2331 | D:3      | Reached XP level 4. HP: 18/24 MP: 6/11
  2637 | D:3      | Learned a level 3 spell: Dazzling Flash
  3779 | D:2      | HP: 1/24 [orc/+0 hand axe (3)]
  4082 | D:3      | Slain by an orc priest

Illustrated notes

Levels and vault maps discovered:
D:1:      minmay_arrival_radiant_lines, layout_loops_ring
D:2:      layout_basic, lemuel_coloured_pillars_altar
D:3:      minmay_thinvault, layout_rooms, general_overflow_altar

Skill      XL: |  1  2  3  4 |
---------------+-------------+-----
Stealth        | 4 |  4.6
Dodging        | 3 |  3.4
Short Blades   | 2 |  2.1
Fighting       | |  0.9
Spellcasting   | |  3.6
Hexes          | |  4.8

Action                   |  1- 3 |  4- 6 || total
-------------------------+-------+-------++-------
Melee: Dagger            |   105 |    98 ||   203
 Cast: Corona            |    18 |     3 ||    21
       Ensorcelled Hiber |    26 |    12 ||    38
       Confusing Touch   |       |    12 ||    12
       Dazzling Flash    |       |     4 ||     4
  Use: Scroll            |     6 |       ||     6
 Stab: Sleeping          |    22 |     7 ||    29
       Confused          |       |     7 ||     7
Armor: Robe              |    21 |     8 ||    29
Dodge: Dodged            |    78 |    57 ||   135
